[Event "*** Titled Tuesday Blitz"]
[Site "Chess.com"]
[Date "2020.01.07"]
[Round "2"]
[White "vovachesss"]
[Black "Last7Samurai"]
[Result "1-0"]
[WhiteElo "2569"]
[BlackElo "2787"]
[TimeControl "180+2"]
[EndTime "13:24:24 PST"]
[Termination "vovachesss won by resignation"]

1. e4 e5 2. Nf3 Nc6 3. Nc3 Nf6 4. d4 exd4 5. Nxd4 Bb4 6. Nxc6 bxc6 7. Bd3 d6 8. O-O Ng4 9. h3 Ne5 10. Ne2 Nxd3 11.
Qxd3 O-O 12. Ng3 Re8 13. Be3 Ba5 14. Rad1 Bb6 15. Rfe1 Be6 16. b3 g6 17. Bd4 Bxd4 18. Qxd4 a5 19. Re3 c5 20. Qc3 f6 21. f4 Bf7 22. e5 fxe5 23. fxe5 Qg5 24. Rde1 a4 25. e6 Bxe6 26. Rxe6 Rxe6 27. Rxe6 axb3 28. axb3 Qc1+ 29. Re1 Qf4 30. Rf1 Qd4+ 31. Qxd4 cxd4 32. Rd1 c5 33. Ne4 Ra2 34. Rd2 Ra6 35. b4 Rc6 36. b5 Rb6 37.
c4 dxc3 38. Nxc3 Kf7 39. Kf2 Ke6 40. Ke3 Rb8 41. Ke4 h5 42. Rb2 g5 43. Nd5 Ra8 44.
Nc7+ 1-0

[Event "*** Titled Tuesday Blitz"]
[Site "Chess.com"]
[Date "2020.01.07"]
[Round "2"]
[White "luis-garcia"]
[Black "LimeInTheCoconut"]
[Result "0-1"]
[WhiteElo "2144"]
[BlackElo "2438"]
[TimeControl "180+2"]
[EndTime "13:24:26 PST"]
[Termination "LimeInTheCoconut won by resignation"]

1. d4 Nf6 2. c4 g6 3. Nc3 d5 4.
cxd5 Nxd5 5. e4 Nxc3 6. bxc3 Bg7 7. Bc4 c5 8. Ne2 O-O 9. O-O Nc6 10. Be3 Bg4 11. f3 Bd7 12. Rc1 Rc8 13. Bd3 Qc7 14. dxc5 Rfd8 15. Qe1 Ne5 16. Bb1 Bb5 17. Qf2 Nd3 18.
Bxd3 Bxd3 19. Bd4 e5 20. Be3 Bf8 21. Rfe1 Bxc5 22. Ng3 Bc4 23. Red1 Bxe3 24. Qxe3 b6 25. Kf2 Bxa2 26. Rxd8+ Rxd8 27. h4 Bc4 28. h5 Rd3 29. Qg5 Qc5+ 30. Ke1 Qe3+ 31. Qxe3 Rxe3+ 32. Kf2 Rd3 33. h6 Rd2+ 34. Kg1 a5 35. Rb1 b5 36.
Ra1 a4 37. Nf1 Bxf1 38. Kxf1 f6 39. Rb1 a3 40. Rxb5 a2 41. Rb8+ Kf7 42. Rb7+ Ke6 43. Ra7 Rd1+ 44. Ke2 a1=Q 45. Rxa1 Rxa1 0-1

[Event "*** Titled Tuesday Blitz"]
[Site "Chess.com"]
[Date "2020.01.07"]
[Round "2"]
[White "Megagigahiper3345"]
[Black "Irishchessman16"]
[Result "0-1"]
[WhiteElo "2448"]
[BlackElo "2205"]
[TimeControl "180+2"]
[EndTime "13:24:30 PST"]
[Termination "Irishchessman16 won by checkmate"]

1. d4 Nf6 2. c4 e6 3. Nf3 b6 4. g3 Ba6 5. Qc2 c5 6. d5 exd5 7. cxd5 Bb7 8. e4 Qe7 9. Bd3 Nxd5 10. a3 Nc7 11. O-O Nc6 12. Bf4 Ne6 13. Be3 g6 14. Nc3 Bg7 15. Nd5 Qd8 16. h4 O-O 17. h5 Ncd4 18.
Nxd4 Nxd4 19. Bxd4 Bxd4 20. hxg6 hxg6 21. Kg2 Kg7 22.
a4 f5 23. Bc4 fxe4 24. Qxe4 Qe8 25. Rae1 Qxe4+ 26. Rxe4 Rae8 27. f3 Rxe4 28. fxe4 Rxf1 29. Kxf1 Bxb2 30. Ke2 Be5 31. Kf3 Bc6 32. Bb5 Kf7 33. Bc4 Kf8 34. g4 Bxa4 35. g5 Bc6 36. Ke3 b5 37. Be2 c4 38. Nb4 a5 39. Nxc6 dxc6 40.
Bg4 Ke7 41. Bc8 a4 42. Kd2 a3 43. Kc2 b4 44. Bb7 b3+ 45. Kd2 a2 46. Bxc6 a1=Q 47.
Bd5 Qc3+ 48. Ke2 Bf4 49. Kf2 Qe3+ 50. Kg2 Qg3+ 51. Kf1 Be3 52. e5 Qf2# 0-1

[Event "*** Titled Tuesday Blitz"]
[Site "Chess.com"]
[Date "2020.01.07"]
[Round "2"]
[White "Quiet_Desperation"]
[Black "PNEPaul"]
[Result "1-0"]
[WhiteElo "2359"]
[BlackElo "1815"]
[TimeControl "180+2"]
[EndTime "13:24:34 PST"]
[Termination "Quiet_Desperation won by resignation"]

1. e4 e5 2. Nf3 Nc6 3. Bc4 g6 4. d4 exd4 5. c3 Bg7 6. cxd4 d6 7. Ng5 Nh6 8. Nf3 O-O 9. h3 Kh8 10.
O-O f6 11. Nc3 Nf7 12. Re1 Qe7 13. Nd5 Qd8 14. Bf4 Ne7 15. Nxe7 Qxe7 16. e5 dxe5 17. Bxf7 Qxf7 18. dxe5 fxe5 19. Bxe5 Bxh3 20. Bxg7+ Kxg7 21. Qd4+ Qf6 22. gxh3 Rad8 23. Re7+ Kg8 24. Qxf6 Rxf6 25.
Ne5 Rd2 26. Ng4 Rb6 27. Rxc7 Rbxb2 28. Re1 Re2 29. Rd1 Red2 30. Rxd2 Rxd2 31. Rxb7 Rxa2 32. Nf6+ Kf8 33. Nxh7+ Ke8 34. Nf6+ Kd8 35. h4 Ra4 36. Rh7 a5 37. Kg2 Rf4 38. Nd5 Rd4 39. Ne3 a4 40. Kg3 a3 41. Ra7 Rd3 42. Kf3 Rb3 43.
Ke4 Rb4+ 44. Ke5 Rxh4 45. Rxa3 g5 46. Ra7 Rf4 47. Ra2 Rf7 48. Nf5 Rb7 49. Rd2+ Kc7 50. Kf6 g4 51. Kg5 Rb4 52. Nd4 Kb6 53. Kxg4 Kc5 54. f4 1-0

[Event "*** Titled Tuesday Blitz"]
[Site "Chess.com"]
[Date "2020.01.07"]
[Round "2"]
[White "Rud_Makarian"]
[Black "FairChess_on_YouTube"]
[Result "1-0"]
[WhiteElo "2644"]
[BlackElo "2989"]
[TimeControl "180+2"]
[EndTime "13:24:41 PST"]
[Termination "Rud_Makarian won by resignation"]

1. d4 Nf6 2. c4 e6 3. g3 d5 4. Nf3 dxc4 5. Bg2 c6 6. Nc3 b5 7.
O-O Bb7 8. Ne5 a6 9. b3 cxb3 10.
axb3 Be7 11. Bb2 O-O 12. Ne4 a5 13. Nc5 Qc8 14. Rc1 Nd5 15. e4 Nb4 16. Qh5 Bxc5 17.
dxc5 f6 18. Bh3 fxe5 19. Qxe5 Rf6 20. Qd6 Rh6 21. Rfd1 Nd5 22. exd5 cxd5 23. Bg4 Nc6 24. Re1 Qf8 25. Bxe6+ Kh8 26. Qc7 Ra7 27. Bxd5 Ba8 28. Bxg7+ Qxg7 29. Re8+ 1-0

[Event "*** Titled Tuesday Blitz"]
[Site "Chess.com"]
[Date "2020.01.07"]
[Round "2"]
[White "Valk4"]
[Black "muran29"]
[Result "1-0"]
[WhiteElo "2289"]
[BlackElo "2484"]
[TimeControl "180+2"]
[EndTime "13:24:44 PST"]
[Termination "Valk4 won by resignation"]

1. e4 c5 2. Nf3 e6 3. c4 Nc6 4. Nc3 Nge7 5. d4 cxd4 6. Nxd4 Nxd4 7. Qxd4 Nc6 8. Qd3 Be7 9. Be2 O-O 10. O-O d6 11. Be3 b6 12. f4 Bb7 13. Bf3 Rc8 14. b3 a6 15. Rac1 Nb4 16. Qd2 Bf6 17. e5 dxe5 18.
Bxb7 exf4 19. Bxf4 Nd3 20. Bxc8 Nxc1 21. Qxd8 Rxd8 22.
Rxc1 Rxc8 23. Be3 Bd8 24. Kf2 f6 25. Rd1 Bc7 26. Rd7 h5 27. h3 h4 28. Na4 b5 29. Nc5 bxc4 30. bxc4 a5 31. Kf3 Be5 32. Ra7 g5 33. Rxa5 Rc6 34. Rb5 Kf7 35. a4 Kg6 36. a5 f5 37. a6 Kh5 38. a7 g4+ 39.
hxg4+ fxg4+ 40. Kf2 Rc8 41. Nd7 g3+ 42. Kf3 1-0

[Event "*** Titled Tuesday Blitz"]
[Site "Chess.com"]
[Date "2020.01.07"]
[Round "2"]
[White "PawnEatingZombie"]
[Black "arminmusovic"]
[Result "0-1"]
[WhiteElo "2295"]
[BlackElo "2517"]
[TimeControl "180+2"]
[EndTime "13:24:45 PST"]
[Termination "arminmusovic won by resignation"]

1. d4 d5 2. c4 c5 3. cxd5 Qxd5 4. Nf3 cxd4 5. Nc3 Qa5 6. Nxd4 Nf6 7. g3 e5 8. Nb3 Qc7 9. Bg2 Bb4 10. O-O Bxc3 11. bxc3 O-O 12. Bg5 Nbd7 13. Qc2 h6 14. Bd2 Nb6 15.
Rfd1 Bg4 16. Be1 Rfe8 17. Rac1 Rac8 18. h3 Be6 19. Qb1 Nc4 20. Nd2 b6 21. Nxc4 Bxc4 22.
e3 Be2 23. Rd2 Ba6 24. a4 Qc4 25. Ra2 Rc7 26. a5 b5 27. Rb2 e4 28. Bf1 Qe6 29. Kh2 Rc5 30. Qa2 Qc6 31. Rd1 Rh5 32. Kg1 Rb8 33.
Rb4 Bc8 34. g4 Nxg4 35. hxg4 Bxg4 36. f4 Bxd1 0-1

[Event "*** Titled Tuesday Blitz"]
[Site "Chess.com"]
[Date "2020.01.07"]
[Round "2"]
[White "aa175"]
[Black "Gahan-MG"]
[Result "0-1"]
[WhiteElo "2237"]
[BlackElo "2498"]
[TimeControl "180+2"]
[EndTime "13:24:46 PST"]
[Termination "Gahan-MG won on time"]

1. d4 Nf6 2. Nf3 d5 3. Bf4 c5 4.
e3 Nc6 5. Nbd2 Qb6 6. dxc5 Qxc5 7.
a3 Bf5 8. b4 Qxc2 9. Qxc2 Bxc2 10.
Rc1 Bg6 11. Bb5 Rc8 12. Ne5 Bf5 13. Nxc6 Bd7 14. Ke2 Bxc6 15. Ba4 a6 16. Bxc6+ bxc6 17. Nf3 e6 18. Ne5 c5 19. bxc5 Nd7 20. Nd3 f6 21. Bd6 Kf7 22. Nb4 a5 23. Nd3 Bxd6 24. cxd6 Nb6 25.
Rb1 Nc4 26. Rb7+ Kg8 27. Nf4 Nxd6 28. Rd7 Nf5 0-1

[Event "*** Titled Tuesday Blitz"]
[Site "Chess.com"]
[Date "2020.01.07"]
[Round "2"]
[White "Zavgorodniy_Serg"]
[Black "gena217"]
[Result "0-1"]
[WhiteElo "2610"]
[BlackElo "2944"]
[TimeControl "180+2"]
[EndTime "13:24:47 PST"]
[Termination "gena217 won by resignation"]

1. e4 e5 2. Nf3 Nc6 3. Be2 Nf6 4. d3 Bc5 5. O-O O-O 6. c3 Bb6 7. Bg5 h6 8. Bh4 d6 9. Nbd2 a6 10. Nc4 Ba7 11. Ne3 Be6 12. d4 exd4 13. cxd4 g5 14. d5 gxh4 15. dxe6 fxe6 16. Bc4 Qd7 17. Nxh4 Ne5 18.
Qb3 Rae8 19. Rac1 b5 20. Be2 Nxe4 21. Qc2 Nxf2 22. Ng6 Bxe3 23. Nxf8 Rxf8 24. Rb1 Qg7 25. Qb3 Bb6 26. Qxe6+ Kh8 27. g3 Qg5 28. Kg2 Kg7 29. Rbc1 Qe3 30. Rc2 Qe4+ 0-1

[Event "*** Titled Tuesday Blitz"]
[Site "Chess.com"]
[Date "2020.01.07"]
[Round "2"]
[White "chessdude"]
[Black "BilodeauA"]
[Result "0-1"]
[WhiteElo "2545"]
[BlackElo "2797"]
[TimeControl "180+2"]
[EndTime "13:24:55 PST"]
[Termination "BilodeauA won by resignation"]

1. Nf3 d5 2. d4 Nf6 3. c4 dxc4 4. e3 Bg4 5. Bxc4 e6 6. h3 Bh5 7. Nc3 a6 8. g4 Bg6 9. Ne5 Nbd7 10. Nxg6 hxg6 11.
Bf1 c6 12. Bg2 Bd6 13. Qe2 Qb6 14. g5 Nd5 15. Ne4 Be7 16. a3 a5 17. h4 a4 18.
Qc2 e5 19. Bd2 exd4 20. exd4 Qxd4 21. O-O-O Qb6 22. Rhe1 O-O 23. Nc3 Bc5 24. Nxa4 Qb5 25. Nc3 Nxc3 26. Bxc3 Nb6 27. Bf1 Qa4 28. Qxa4 Nxa4 29.
Bd4 Rfd8 30. Bxc5 Nxc5 31. Kc2 Kf8 32. Bc4 b5 33. Bf1 Ne6 34. Bg2 Rxd1 35. Rxd1 Ra4 36.
b4 c5 37. bxc5 Nxc5 38. Kb2 b4 39. axb4 Rxb4+ 40. Kc3 Rxh4 41. Rd5 Ne6 42. Bf1 Rf4 43. Kd2 Rxf2+ 44. Ke3 Rxf1 0-1

[Event "*** Titled Tuesday Blitz"]
[Site "Chess.com"]
[Date "2020.01.07"]
[Round "2"]
[White "SlavenPastar"]
[Black "albano87"]
[Result "1-0"]
[WhiteElo "2516"]
[BlackElo "2060"]
[TimeControl "180+2"]
[EndTime "13:25:01 PST"]
[Termination "SlavenPastar won by resignation"]

1. d4 d5 2. c4 e6 3. Nc3 Nf6 4. Bg5 Be7 5. cxd5 exd5 6. e3 Nbd7 7.
Bd3 O-O 8. Qc2 b6 9. Nge2 Bb7 10.
O-O c5 11. Ng3 g6 12. Rad1 a6 13. f3 c4 14. Be2 b5 15. a3 Re8 16. e4 dxe4 17. fxe4 Nxe4 18. Bxe7 Qxe7 19. Ncxe4 Bxe4 20. Nxe4 Qxe4 21. Qxe4 Rxe4 22. Bf3 Nf6 23. g4 Rae8 24. Bxe4 Nxe4 25. d5 Rd8 26. d6 Rxd6 27. Rxd6 Nxd6 28. Rf6 Ne4 29. Rxa6 Kg7 30. Kg2 h5 31. gxh5 gxh5 32.
Kf3 c3 33. bxc3 Nxc3 34. Ke3 b4 35. Kd3 Nd5 36. Kc4 Nc7 37. Ra7 1-0

[Event "*** Titled Tuesday Blitz"]
[Site "Chess.com"]
[Date "2020.01.07"]
[Round "2"]
[White "Shahinyan_ChessMood"]
[Black "ExcitingTrap"]
[Result "1-0"]
[WhiteElo "2622"]
[BlackElo "2323"]
[TimeControl "180+2"]
[EndTime "13:25:02 PST"]
[Termination "Shahinyan_ChessMood won by checkmate"]

1. e4 e6 2. d3 c5 3. Nd2 g6 4. g3 Bg7 5. Bg2 Ne7 6. h4 h5 7. Ngf3 O-O 8. O-O Nbc6 9. c3 d6 10. Qe2 a6 11. Re1 Rb8 12. Nf1 b5 13. a3 b4 14. axb4 cxb4 15. c4 a5 16. Be3 d5 17. exd5 exd5 18. Bc5 Re8 19. Ng5 Bg4 20. Qd2 dxc4 21. Qf4 Qxd3 22. Qxf7+ Kh8 23. Bxe7 Nxe7 24.
Rxe7 Rxe7 25. Qxe7 Rf8 26. Rxa5 Qd4 27. Ne3 Qxb2 28.
Nf7+ Kg8 29. Ra7 b3 30. Bd5 Kh7 31. Qxf8 Bxf8 32. Ng5+ Kh6 33. Rh7# 1-0

[Event "*** Titled Tuesday Blitz"]
[Site "Chess.com"]
[Date "2020.01.07"]
[Round "2"]
[White "otrov-11"]
[Black "BjarkeSahl"]
[Result "1-0"]
[WhiteElo "2433"]
[BlackElo "2135"]
[TimeControl "180+2"]
[EndTime "13:25:03 PST"]
[Termination "otrov-11 won by resignation"]

1. d4 f5 2. e4 fxe4 3. Nc3 Nf6 4. Bg5 c6 5. f3 d5 6. fxe4 Nxe4 7. Nxe4 dxe4 8. Bc4 Qd6 9. c3 Be6 10. Bxe6 Qxe6 11.
Ne2 Nd7 12. O-O O-O-O 13. Re1 h6 14. Be3 g5 15. Qa4 a6 16. Rad1 Qg6 17. d5 Bg7 18. Qa3 Be5 19. b4 Qd6 20. dxc6 Qxc6 21. c4 Nf6 22. b5 Qe6 23. c5 axb5 24. c6 Rxd1 25. cxb7+ Kc7 26. Qa5+ Kxb7 27. Qa7+ Kc8 28. Rxd1 b4 29. Bb6 1-0

[Event "*** Titled Tuesday Blitz"]
[Site "Chess.com"]
[Date "2020.01.07"]
[Round "2"]
[White "DamianoLew95"]
[Black "Genghis_K"]
[Result "0-1"]
[WhiteElo "2590"]
[BlackElo "2906"]
[TimeControl "180+2"]
[EndTime "13:25:04 PST"]
[Termination "Genghis_K won by resignation"]

1. e4 c5 2. Nf3 d6 3. d4 cxd4 4.
Nxd4 Nf6 5. Nc3 a6 6. a4 e5 7. Nb3 Be7 8. g3 Nc6 9. Bg2 Bg4 10. Bf3 h5 11. Bg5 Nb4 12. Bxf6 Bxf6 13. Bxg4 hxg4 14. Nd5 Nxd5 15. Qxd5 Qc7 16. c3 Rc8 17.
Rd1 Be7 18. Nd2 Qc6 19. Qxc6+ bxc6 20. Nc4 Rd8 21. Ne3 Kd7 22. Nxg4 Ke6 23. Kd2 Rh3 24. Ke2 g6 25. Kf3 f5 26. exf5+ gxf5 27. Ne3 Rdh8 28. Kg2 d5 29. Nc2 c5 30. Ne3 d4 31. Nc4 Bf6 32. f3 e4 33. cxd4 cxd4 34. b4 R3h7 35. g4 e3 36. Nb2 fxg4 37. fxg4 Be5 38. h3 Kd5 39. Nd3 Bd6 40. Rdf1 Ke4 41. Rf6 Kxd3 42. Rxd6 e2 43. Ra1 Rxh3 44. Ra3+ Kc4 0-1

[Event "*** Titled Tuesday Blitz"]
[Site "Chess.com"]
[Date "2020.01.07"]
[Round "2"]
[White "Hikaru"]
[Black "Squirlolz"]
[Result "1-0"]
[WhiteElo "3135"]
[BlackElo "2640"]
[TimeControl "180+2"]
[EndTime "13:25:07 PST"]
[Termination "Hikaru won by resignation"]

1. e4 e6 2. d3 d5 3. Nd2 Nf6 4. Ngf3 c5 5. g3 Nc6 6. Bg2 Be7 7. O-O O-O 8. Re1 Qc7 9. c3 b5 10. exd5 exd5 11. Nb3 h6 12. Bf4 Qb6 13. Ne5 Nxe5 14.
Bxe5 Be6 15. d4 c4 16. Nc5 Rfe8 17. Bxf6 Bxf6 18. Qh5 Rad8 19. Re3 Bg5 20. f4 g6 21. Qe2 Bf6 22. Re1 Rd6 23. Bh3 Bxh3 24. Rxe8+ Kg7 25.
Ra8 Rd8 26. Rxd8 Qxd8 27. Qe8 Qa5 28. a3 Bxd4+ 29. cxd4 Qd2 30. Qe2 Qxd4+ 31. Qe3 Qxb2 32. Qe5+ Qxe5 33. Rxe5 d4 34. Rd5 d3 35. Kf2 Kf6 36. Ke3 Bf5 37. Ne4+ Ke6 38. Re5+ Kd7 39. Nc3 a6 40. Kd4 Kc6 41. Rc5+ Kb6 42. a4 d2 43. axb5 Bg4 44. Rc6+ Kb7 45. Rxa6 d1=Q+ 46. Nxd1 Bxd1 47. Kxc4 1-0

[Event "*** Titled Tuesday Blitz"]
[Site "Chess.com"]
[Date "2020.01.07"]
[Round "2"]
[White "HrvojeZagreb"]
[Black "SCIM"]
[Result "0-1"]
[WhiteElo "2222"]
[BlackElo "2482"]
[TimeControl "180+2"]
[EndTime "13:25:08 PST"]
[Termination "SCIM won by resignation"]

1. d4 Nf6 2. Bf4 d5 3. e3 e6 4. Nf3 Bd6 5. Bg3 O-O 6. Bd3 c5 7. c3 b6 8. Qe2 Qc7 9. Nbd2 a5 10.
e4 Ne8 11. Bxd6 Nxd6 12. e5 Nf5 13. g4 Ne7 14. Ng5 Ng6 15. h4 Qe7 16. Nxh7 Nf4 17. Qf3 Nxd3+ 18. Qxd3 Ba6 19. Qc2 Rc8 20. Ng5 g6 21.
dxc5 Nc6 22. f4 Qxc5 23. O-O-O Nb4 24. Nxe6 Qe3 25. Qa4 Rxc3+ 26. Kb1 Bd3+ 27. Ka1 Nc2+ 28. Kb1 Ne1+ 29. Ka1 Nc2+ 30. Kb1 Rcc8 31. Nf1 Nd4+ 32. Ka1 Qc1+ 0-1

[Event "*** Titled Tuesday Blitz"]
[Site "Chess.com"]
[Date "2020.01.07"]
[Round "2"]
[White "Marty435"]
[Black "MiroVlasenko"]
[Result "0-1"]
[WhiteElo "2362"]
[BlackElo "2695"]
[TimeControl "180+2"]
[EndTime "13:25:09 PST"]
[Termination "MiroVlasenko won by resignation"]

1. b3 Nc6 2. Bb2 e5 3. e3 d6 4. Nf3 g6 5. d4 Bg7 6. Be2 e4 7.
Nfd2 f5 8. c4 Nf6 9. Nc3 O-O 10.
a3 a5 11. O-O h5 12. Rb1 Qe8 13. Qc2 g5 14. Nd5 Rf7 15. Nxf6+ Rxf6 16. d5 Ne5 17. b4 Bd7 18. Rbc1 Ba4 19. Qb1 h4 20. h3 g4 21. hxg4 h3 22. g5 Rg6 23. Bh5 hxg2 24. Rfe1 Bd7 25. Bxe5 Bxe5 26. Nxe4 fxe4 27. f4 Bg7 28.
Re2 Bf5 29. Rxg2 axb4 30. Qxb4 b6 31. Qb3 Qa4 32. Qxa4 Rxa4 33. Bxg6 Bxg6 34. Ra2 Kf7 35. Kf2 Bf5 36. Ke2 Kg6 37. Kd2 Ra8 38. Kc2 Rh8 39. Kb3 Rh3 40. Re2 Bd4 41. Ka4 Bxe3 42. Rc3 Bxf4 43.
Rxh3 Bd7+ 44. Kb3 Bxh3 45. Rxe4 Bxg5 46. Re8 Kf7 47. Rc8 Bxc8 0-1

[Event "*** Titled Tuesday Blitz"]
[Site "Chess.com"]
[Date "2020.01.07"]
[Round "2"]
[White "M1711"]
[Black "Saitama_Hero"]
[Result "1-0"]
[WhiteElo "2538"]
[BlackElo "2298"]
[TimeControl "180+2"]
[EndTime "13:25:12 PST"]
[Termination "M1711 won by resignation"]

1. d4 Nf6 2. Bg5 Ne4 3. Bf4 g5 4. Bc1 d5 5. f3 Nd6 6. Bxg5 Rg8 7.
Bf4 Nc4 8. b3 e5 9. dxe5 Bh6 10.
Qc1 Qh4+ 11. g3 Bxf4 12. Qxf4 Qxf4 13. gxf4 Ne3 14. Na3 d4 15. c3 c5 16. cxd4 cxd4 17. Bh3 Nc6 18. Rc1 a6 19. Nc4 Ke7 20. Bxc8 Raxc8 21. Nd6 Rc7 22. Nh3 f6 23. Ne4 fxe5 24.
fxe5 Ke6 25. Nf4+ Kxe5 26. Nd3+ Ke6 27. Kd2 Rg2 28. Nf4+ Kf5 29. Nxg2 Nxg2 30. Rhg1 Ne3 31. Rg5+ Ke6 32. Rh5 Rg7 33. Rh6+ Ke7 34. Rc5 Nb4 35.
Rc7+ Kf8 36. Rf6+ 1-0

[Event "*** Titled Tuesday Blitz"]
[Site "Chess.com"]
[Date "2020.01.07"]
[Round "2"]
[White "alishersuleymenov"]
[Black "SirMittensofMittensville"]
[Result "1-0"]
[WhiteElo "2815"]
[BlackElo "2553"]
[TimeControl "180+2"]
[EndTime "13:25:15 PST"]
[Termination "alishersuleymenov won by resignation"]

1. d4 Nf6 2. Nf3 e6 3. Bf4 d5 4. e3 Bd6 5. Bg3 O-O 6. Nbd2 b6 7. c3 c5 8. Bd3 Ba6 9. Bxa6 Nxa6 10. Qe2 Nb8 11. Bh4 Nc6 12. e4 dxe4 13. Nxe4 Be7 14. Nxf6+ Bxf6 15. Bxf6 Qxf6 16. dxc5 bxc5 17. O-O Rab8 18.
Rfd1 Rfd8 19. h3 h6 20. Qe4 Rxd1+ 21. Rxd1 Ne7 22. Ne5 Qf5 23. Qxf5 Nxf5 24. b3 Rb7 25. Rd8+ Kh7 26. Rc8 f6 27. Nc4 Rd7 28. Rxc5 Rd1+ 29. Kh2 Rf1 30. f3 g5 31. Rc7+ Kg6 32. Rxa7 h5 33. Nd2 Rc1 34. Ne4 Ne3 35. g4 Rc2+ 36. Kg1 hxg4 37. hxg4 f5 38. Nc5 f4 39. Nd3 Rxc3 40.
Rd7 Rc2 41. a4 Kf6 42. a5 Rd2 43. a6 Rd1+ 44. Kf2 Rd2+ 45. Ke1 Rd1+ 46. Ke2 Ra1 47.
Nb4 Ke5 48. a7 Nd5 49. Nc6+ Kf6 50. Rd8 Ra2+ 51. Kd3 Nc7 52. Rc8 1-0

[Event "*** Titled Tuesday Blitz"]
[Site "Chess.com"]
[Date "2020.01.07"]
[Round "2"]
[White "moro182"]
[Black "ehrenfeld"]
[Result "1-0"]
[WhiteElo "2756"]
[BlackElo "2539"]
[TimeControl "180+2"]
[EndTime "13:25:16 PST"]
[Termination "moro182 won on time"]

1. d4 f5 2. c4 Nf6 3. g3 g6 4. Bg2 Bg7 5. b3 O-O 6. Bb2 d6 7. Nf3 e5 8. dxe5 Ng4 9. O-O Nc6 10. Nc3 dxe5 11. Qd5+ Kh8 12. Qxd8 Nxd8 13. h3 Nh6 14.
e4 f4 15. Nb5 c6 16. Nd6 Nhf7 17.
Nxc8 Rxc8 18. Rfd1 Ne6 19. h4 Rcd8 20. Bh3 Nd4 21.
Nxd4 exd4 22. gxf4 Nh6 23. Bc1 c5 24. Bd2 Nf7 25.
Rab1 Bh6 26. b4 b6 27. bxc5 bxc5 28. e5 Rde8 29. Kg2 Nd8 30. Kg3 Ne6 31. Bxe6 Rxe6 32. Rb7 Rb6 33. Rb1 Rxb1 34. Rxb1 1-0

[Event "*** Titled Tuesday Blitz"]
[Site "Chess.com"]
[Date "2020.01.07"]
[Round "2"]
[White "VincentKeymer"]
[Black "Simon2049"]
[Result "1-0"]
[WhiteElo "2667"]
[BlackElo "2174"]
[TimeControl "180+2"]
[EndTime "13:25:16 PST"]
[Termination "VincentKeymer won on time"]

1. Nf3 d5 2. e3 Nf6 3. b3 e6 4.
Bb2 Be7 5. c4 c6 6. Nc3 Nbd7 7.
Qc2 O-O 8. Rg1 Re8 9. g4 Bf8 10.
O-O-O e5 11. g5 Nh5 12. cxd5 cxd5 13. Nxd5 g6 14. Nc7 Nc5 15. Nxe8 Bf5 16. d3 Qxe8 17. e4 Rc8 18. exf5 Na4 19. bxa4 Rxc2+ 20. Kxc2 Qxa4+ 21. Kc1 Qc6+ 22. Kb1 Qxf3 23. Bg2 Qxf5 24. Bxb7 Qxf2 25. Rgf1 Qxh2 26. Bd5 Bc5 27. Rxf7 Kh8 28. Re1 Qg3 29. Bxe5+ 1-0

[Event "*** Titled Tuesday Blitz"]
[Site "Chess.com"]
[Date "2020.01.07"]
[Round "2"]
[White "KhazarBabazada"]
[Black "Kimster98"]
[Result "1-0"]
[WhiteElo "2918"]
[BlackElo "2596"]
[TimeControl "180+2"]
[EndTime "13:25:18 PST"]
[Termination "KhazarBabazada won by resignation"]

1. e4 e5 2. Nf3 Nf6 3. Nxe5 d6 4.
Nf3 Nxe4 5. c3 d5 6. d3 Nf6 7. d4 c6 8. Bd3 Bd6 9. O-O O-O 10. Ne5 Nbd7 11. Re1 c5 12. Bf4 Qb6 13. Qf3 cxd4 14. cxd4 Qxb2 15. Nd2 Qxd4 16. Nb3 Qb6 17. Qg3 Nxe5 18. Rxe5 Bxe5 19. Bxe5 Re8 20. h4 Bd7 21. Bd4 Qd8 22. Nc5 Bc6 23. Qf4 b6 24. Na6 Ne4 25. Nc7 Qd6 26. Qg4 Nf6 27. Qg5 h6 28. Qf5 Qxc7 29.
Bxf6 gxf6 30. Qh7+ Kf8 31. Qxh6+ Ke7 32. Re1+ Kd8 33.
Qxf6+ Kc8 34. Ba6+ Kb8 35. Rc1 Re6 36. Qh8+ Re8 37.
Qh6 Re6 38. Qg7 Qe7 39. Qg3+ Qc7 40. Rxc6 Rxc6 41. Qg8+ Qc8 42. Bxc8 Rxc8 43. Qxf7 Rc7 44. Qxd5 a5 45. h5 Raa7 46. h6 Rd7 47. Qe5+ Kc8 48.
g4 Re7 49. Qf5+ Kd8 50. g5 Ke8 51. g6 Rac7 52. h7 Rc1+ 53. Kg2 1-0

[Event "*** Titled Tuesday Blitz"]
[Site "Chess.com"]
[Date "2020.01.07"]
[Round "2"]
[White "tjallkompall"]
[Black "dawtonlms"]
[Result "1-0"]
[WhiteElo "2760"]
[BlackElo "2352"]
[TimeControl "180+2"]
[EndTime "13:25:19 PST"]
[Termination "tjallkompall won by resignation"]

1. d4 Nf6 2. Nf3 e6 3. Bg5 d5 4. Nbd2 Nbd7 5. e3 Be7 6. Bd3 b6 7.
O-O O-O 8. a4 a6 9. c3 Bb7 10. Qc2 h6 11. Bh4 c5 12. Ne5 Nxe5 13. dxe5 Nd7 14. Bg3 Rc8 15. Rad1 Qc7 16. f4 f5 17. exf6 Bxf6 18. c4 d4 19. exd4 Bxd4+ 20. Kh1 e5 21. f5 Nf6 22. Rde1 Rce8 23. Ne4 Qc6 24. b3 Qd7 25. Bh4 Nxe4 26. Bxe4 Bxe4 27. Qxe4 b5 28. axb5 axb5 29. f6 gxf6 30. Bxf6 Qh7 31. Qg4+ Kf7 32. Bh4+ 1-0

[Event "*** Titled Tuesday Blitz"]
[Site "Chess.com"]
[Date "2020.01.07"]
[Round "2"]
[White "1stSecond"]
[Black "Karacsonyi_Gellert"]
[Result "1-0"]
[WhiteElo "2826"]
[BlackElo "2566"]
[TimeControl "180+2"]
[EndTime "13:25:21 PST"]
[Termination "1stSecond won by resignation"]

1. Nf3 Nf6 2. c4 e6 3. g3 d5 4. d4 dxc4 5. Bg2 Bd7 6. Qc2 Bc6 7. Qxc4 Be7 8. Nc3 O-O 9. O-O a6 10. a4 b5 11. Qb3 b4 12. Nd1 a5 13. Bf4 Bd5 14.
Qc2 c6 15. Ne3 Be4 16. Qc1 Nbd7 17. Rd1 Nb6 18. Ne5 Bxg2 19. Kxg2 Rc8 20. N3c4 Qd5+ 21. f3 Nxc4 22. Nxc4 c5 23. Nb6 Qh5 24. Nxc8 Rxc8 25.
e4 c4 26. Qe3 c3 27. Rac1 c2 28. Rd2 g5 29. Bxg5 b3 30. Bxf6 Bxf6 31. Qxb3 Bg5 32. Rdxc2 Rf8 33. f4 Bf6 34. Qf3 Qg6 35. e5 Bg7 36. g4 h5 37. h3 h4 38. f5 exf5 39.
Qxf5 Qb6 40. Qe4 Qb3 41. Rc3 Qxb2+ 42. R1c2 Qa1 43. d5 Re8 44. Rc8 Rxc8 45. Rxc8+ Bf8 46.
e6 Qb2+ 47. Rc2 Qb3 48. exf7+ Kh8 49. Qe5+ Kh7 50. Qh5+ Kg7 51. Qg5+ Kxf7 52. Rf2+ Ke8 53. Qg6+ Kd7 54. Qc6+ Ke7 55. Qe6+ Kd8 56. Rxf8+ Kc7 57. Rc8+ Kb7 58. Qc6+ 1-0

[Event "*** Titled Tuesday Blitz"]
[Site "Chess.com"]
[Date "2020.01.07"]
[Round "2"]
[White "enriquetejedor"]
[Black "jefferyx"]
[Result "0-1"]
[WhiteElo "2476"]
[BlackElo "2909"]
[TimeControl "180+2"]
[EndTime "13:25:21 PST"]
[Termination "jefferyx won by resignation"]

1. d4 Nf6 2. Bg5 c5 3. Bxf6 gxf6 4. dxc5 Na6 5. e3 Nxc5 6. c4 d6 7. Nc3 f5 8. Nge2 Bg7 9. g3 Qa5 10. Bg2 Be6 11. O-O Bxc4 12. Nd5 Bxb2 13. Rb1 Bg7 14. Nef4 Bxf1 15. Bxf1 Qd8 16. Qh5 O-O 17. Qxf5 e6 18. Qg4 f5 19. Qf3 exd5 20. Qxd5+ Kh8 21. Bh3 Qe7 22.
Bxf5 Qe5 23. Bg4 Qxd5 24. Nxd5 b6 25. Nc7 Rad8 26. Nb5 Rf7 27. Rd1 d5 28. Bh5 Re7 29. Bf3 a6 30. Na3 d4 31. Nc4 b5 32. Na5 Rf8 33.
exd4 Bxd4 34. Rxd4 Rxf3 35. Nc6 Rd7 36. Rg4 Nd3 37. Kg2 Rxf2+ 38. Kh3 Rf6 39. Na5 Nf2+ 40. Kh4 0-1

[Event "*** Titled Tuesday Blitz"]
[Site "Chess.com"]
[Date "2020.01.07"]
[Round "2"]
[White "dragos420"]
[Black "Daxasy"]
[Result "0-1"]
[WhiteElo "2434"]
[BlackElo "2801"]
[TimeControl "180+2"]
[EndTime "13:25:24 PST"]
[Termination "Daxasy won by resignation"]

1. e4 e6 2. d4 d5 3. Nd2 c5 4. exd5 Qxd5 5. Ngf3 cxd4 6. Bc4 Qd7 7. O-O Nc6 8. Nb3 Nf6 9. Nbxd4 Nxd4 10. Nxd4 a6 11. c3 Qc7 12. Bb3 Bd6 13. h3 Bd7 14. Re1 O-O-O 15.
Qe2 e5 16. Nf3 Rhe8 17. Bxf7 Rf8 18. Bb3 e4 19. Ng5 Rde8 20. Qc4 h6 21. Nf7 Bh2+ 22. Kh1 Be6 23. Qxc7+ Bxc7 24. Nxh6 gxh6 25. Bxh6 Rg8 26. Rad1 Bxb3 27. axb3 Rg6 28. Be3 Reg8 29. g3 Nh5 30. g4 Nf6 31. Bd4 Nxg4 32. hxg4 Rxg4 33. Bf6 R8g6 0-1